 Dungeon Crawl Stone Soup version 0.26-a0-812-g31a745ddcd (webtiles) character file.

Game seed: 5896495859278379933

148999 Kuinu the Warrior (level 18, -9/124 HPs)
             Began as a Kobold Fighter on Nov 20, 2020.
             Was the Champion of Dithmenos.
             Killed from afar by Nikola (23 damage)
             ... with a chain lightning
             ... on level 4 of the Swamp.
             The game lasted 01:39:13 (32281 turns).

Kuinu the Warrior (Kobold Fighter)                 Turns: 32281, Time: 01:39:29

Health: -9/124     AC: 17    Str: 13    XL:     18   Next: 12%
Magic:  0/26       EV: 29    Int:  9    God:    Dithmenos [******]
Gold:   2464       SH: 10    Dex: 25    Spells: 16/17 levels left

rFire    . . .     SeeInvis .   d - +0 dagger (elec)
rCold    . . .     Faith    .   Q - +2 buckler
rNeg     . . .     Spirit   +   w - +1 leather armour "Woinih" {Regen+ Dex+2}
rPois    +         Reflect  .   l - +2 helmet
rElec    .         Harm     .   b - +2 cloak {rCorr}
rCorr    +         Rampage  .   S - +3 pair of gauntlets of War {Slay+5}
MR       +....                  g - +1 pair of boots
Stlth    ++++++++++             Z - amulet of guardian spirit
HPRegen  0.70/turn              I - ring of poison resistance
MPRegen  0.20/turn              Y - +4 ring of slaying

@: wreathed by umbra, studying Throwing
A: small, nightstalker 3
a: Shadow Step, Shadow Form, Renounce Religion


You were on level 4 of the Swamp.
You worshipped Dithmenos.
Dithmenos was exalted by your worship.
You visited 4 branches of the dungeon, and saw 27 of its levels.
You also visited: Sewer.

You collected 4302 gold pieces.
You spent 1838 gold pieces at shops.

Inventory:

Hand Weapons
 d - a +0 dagger of electrocution (weapon)
 f - a +0 dagger of pain
 q - a +2 antimagic dagger
 x - a +0 falchion of holy wrath
 y - a +0 rapier of venom
 L - a +2 vampiric dagger
Missiles
 h - 55 poisoned darts (quivered)
 u - 4 throwing nets
 z - 5 datura-tipped darts
Armour
 b - a +2 cloak of preservation (worn)
 g - a +1 pair of boots (worn)
 j - a +2 leather armour of cold resistance
 l - a +2 helmet (worn)
 w - the +1 leather armour "Woinih" (worn) {Regen+ Dex+2}
   (You bought it in a shop on level 4 of the Dungeon)

   It affects your dexterity (+2).
   It increases your rate of regeneration.
 G - a scarf of invisibility
 O - +0 acid dragon scales
 Q - a +2 buckler (worn)
 S - the +3 pair of gauntlets of War (worn) {Slay+5}
   (You bought it in a shop on level 4 of the Dungeon)

   It affects your accuracy and damage with ranged weapons and melee attacks
   (+5).
 V - the +1 pair of gloves of Agiy {rC++}
   (You found it on level 3 of the Swamp)

   It greatly protects you from cold.
Jewellery
 r - a +4 ring of protection
 D - an uncursed ring of positive energy
 I - a ring of poison resistance (left hand)
 W - an uncursed ring of stealth
 X - an uncursed ring of flight
 Y - a +4 ring of slaying (right hand)
 Z - an amulet of guardian spirit (around neck)
Wands
 A - a wand of digging (7)
 E - a wand of flame (44)
 J - a wand of acid (23)
 K - a wand of random effects (38)
 P - a wand of enslavement (14)
 R - a wand of paralysis (10)
Scrolls
 a - 5 scrolls of magic mapping
 c - 4 scrolls of blinking
 k - 14 scrolls of remove curse
 n - 3 scrolls of fog
 o - a scroll of enchant armour
 p - 6 scrolls of enchant weapon
 s - 10 scrolls of teleportation
 v - 4 scrolls of fear
 U - 7 scrolls of identify
Potions
 e - 12 potions of curing
 i - 5 potions of mutation
 m - 4 potions of heal wounds
 t - a potion of magic
 B - a potion of resistance
 F - a potion of flight
 H - 3 potions of cancellation
 M - a potion of ambrosia
 N - 2 potions of brilliance
 T - 7 potions of haste
Books
 C - a manual of Throwing


   Skills:
 * Level 17.2 Fighting
 - Level 16.5 Short Blades
 + Level 6.3 Armour
 + Level 13.5 Dodging
 * Level 16.3 Stealth
 - Level 5.6 Shields
 + Level 3.6 Necromancy
 - Level 10.9 Invocations
 - Level 10.3 Evocations


You had 16 spell levels left.
You knew the following spells:

 Your Spells              Type           Power        Failure   Level
a - Animate Skeleton      Necr           #.....       12%         1

Your spell library contained the following spells:

 Spells                   Type           Power        Failure   Level
 Sublimation of Blood     Necr           #.........   17%         2
 Apportation              Tloc           #.....       45%         1
 Corona                   Hex            #......      45%         1
 Foxfire                  Conj/Fire      #...         45%         1
 Magic Dart               Conj           #...         45%         1
 Sandblast                Erth           #.....       45%         1
 Sting                    Tmut/Pois      #...         45%         1
 Summon Small Mammal      Summ           #...         45%         1
 Blink                    Tloc           N/A          58%         2
 Call Imp                 Summ           #.......     58%         2
 Passwall                 Tmut/Erth      #.......     58%         2
 Poisonous Vapours        Pois/Air       #.....       58%         2
 Searing Ray              Conj           #.....       58%         2
 Slow                     Hex            #.......     58%         2
 Conjure Flame            Conj/Fire      #.......     83%         3
 Dazzling Flash           Conj/Hex       #.....       83%         3
 Gell's Gravitas          Tloc           #.........   83%         3
 Ignite Poison            Fire/Tmut/Pois #.......     83%         3
 Inner Flame              Hex/Fire       #.......     83%         3
 Lesser Beckoning         Tloc           #.........   83%         3
 Mephitic Cloud           Conj/Pois/Air  #.......     83%         3
 Stone Arrow              Conj/Erth      #.....       83%         3
 Teleport Other           Tloc           #.......     83%         3
 Fulminant Prism          Conj/Hex       #.........   99%         4
 Iskenderun's Mystic Bla  Conj/Tloc      #.......     99%         4
 Olgreb's Toxic Radiance  Pois           #.......     99%         4
 Passage of Golubria      Tloc           N/A          99%         4
 Petrify                  Tmut/Erth      #.......     99%         4
 Sticky Flame             Conj/Fire      #.......     99%         4
 Fireball                 Conj/Fire      #.........   100%        5
 Lee's Rapid Deconstruct  Erth           #.........   100%        5
 Summon Demon             Summ           #.........   100%        5
 Summon Forest            Summ/Tloc      #.........   100%        5
 Statue Form              Tmut/Erth      #........    100%        6
 Chain Lightning          Conj/Air       #.........   100%        8
 Lehudib's Crystal Spear  Conj/Erth      #.........   100%        8
 Absolute Zero            Ice            #.........   100%        9
 Fire Storm               Conj/Fire      #.........   100%        9


Dungeon Overview and Level Annotations

Branches:
Dungeon (15/15)            Temple (0/1) D:7            Lair (6/6) D:8
  Swamp (4/4) Lair:4       Spider (0/4) Lair:4        Slime (0/5) Lair:5
    Orc (2/2) D:11            Elf (0/3) Orc:2        Vaults (0/5) D:13
 Depths (0/5) D:15          Sewer (visited)

Altars:
Ashenzari
Dithmenos
Fedhas
Gozag
Hepliaklqana
Makhleb
Qazlal
Ru
Sif Muna
Trog
Uskayaw
Vehumet
Wu Jian
Xom
Beogh

Shops:
D:4 *[:=}   D:5 :[:[(   Orc:1 *   Orc:2 (((:(   Swamp:1 *

Annotations:
D:5 2 transporters, p0werm0de's ghost, novice GrFi
Lair:2 exclusion: oklob plant
Lair:6 exclusion: oklob plant
Swamp:4 Nikola


Innate Abilities, Weirdness & Mutations

You are small and have problems with some larger weapons.
You are completely attuned to the shadows.


Message History

Your shadow hits Nikola but does no damage.
You hear a roar!
Nikola mumbles some strange words.
You hear a mighty clap of thunder!
The lightning arc hits you!!
The lightning arc hits the bunyip!!
The lightning arc hits you!!
* * * LOW HITPOINT WARNING * * *
You emit a cloud of dark smoke.
The lightning arc hits Nikola.
The lightning arc hits you!!
* * * LOW HITPOINT WARNING * * *
A ghost crab comes into view.
You hear a deafening roar!
You hear a roar! x6; You hear a shout! x2
Okay, then.
As you read the scroll of fear, it crumbles to dust.
You assume a fearsome visage.
Nikola resists with almost no effort.
The ghost crab is unaffected.
The bunyip looks frightened!
Nikola casts a spell.
You hear a mighty clap of thunder!
The lightning arc hits you!!
You die...

.≈≈≈≈§≈..
♣≈≈≈≈≈≈...
♣♣§≈≈≈≈≈t≈≈
♣♣..≈§≈≈≈≈.≈
♣♣♣..≈≈≈≈[...≈
♣...≈≈≈§.x♣♣♣≈
≈≈♣.≈...§§@§♣
.≈.≈..<♣≈§@§♣♣
..≈≈≈..≈♣♣≈♣♣♣♣♣
...≈≈≈≈.♣♣♣.≈≈.♣
.♣♣.≈≈≈.....≈≈.♣
..≈≈........≈♣
≈≈≈..♣♣.≈.≈..♣
≈....♣♣♣.≈≈≈.♣
(...♣♣ ♣≈.≈≈♣♣


You could see Nikola, a bunyip (fleeing) and a ghost crab.

Vanquished Creatures
  Frances (D:14)
  Agnes (D:15)
  Donald (Orc:2)
  A tengu reaver (D:14)
  An orc warlord (Orc:1)
  A frost giant (D:15)
  Aizul (Swamp:3)
  5 bunyips
  2 eleionomae
  A deep elf high priest (D:14)
  A shambling mangrove (Swamp:4)
  3 boulder beetles
  Fannar (Orc:1)
  12 hydras
  A ghost crab (Swamp:1)
  5 centaur warriors
  5 alligators
  2 ogre magi
  12 two-headed ogres
  11 death yaks
  A queen ant (Lair:2)
  3 tengu warriors
  A spriggan berserker (Swamp:3)
  2 goliath frogs
  A deep elf knight (Swamp:3)
  3 orc high priests (Orc:2)
  Nergalle (D:12)
  7 spriggan druids
  4 bog bodies
  5 unseen horrors
  3 swamp dragons
  A lindwurm (Lair:5)
  11 ugly things
  9 orc knights
  A wolf spider zombie (D:14)
  2 deep elf magi
  7 cyclopes
  3 manticores
  4 orc sorcerers (Orc:2)
  12 elephants
  Maurice (D:11)
  2 black mambas
  25 cane toads
  2 gargoyles
  A kobold demonologist (D:15)
  3 yaktaurs
  12 komodo dragons
  A freezing wraith (D:15)
  2 meliai (D:14)
  6 trolls
  A tengu conjurer (D:10)
  8 tyrant leeches
  8 hornets
  4 polar bears
  A slime creature (D:14)
  Grinder (D:5)
  30 blink frogs
  11 spriggans
  4 wyverns
  A centaur simulacrum (D:15)
  3 shadows
  A vampire (D:14)
  5 wraiths (D:13)
  Eustachio (D:6)
  4 basilisks
  62 yaks
  9 vampire mosquitoes
  5 wargs
  11 swamp worms
  6 soldier ants
  An acid dragon (D:9)
  13 water moccasins
  32 orc warriors
  2 swamp drakes
  A necrophage (D:8)
  19 wolves
  3 ice beasts
  14 centaurs
  5 sky beasts
  4 phantoms
  18 ogres
  A boggart (D:13)
  6 big kobolds
  31 bullfrogs
  3 wyvern skeletons
  5 scorpions
  5 killer bees (D:9)
  3 howler monkeys
  6 jellies
  20 wights
  3 electric eels (Lair:1)
  6 crimson imps (D:12)
  8 centaur zombies
  28 orc wizards
  A quasit (D:11)
  3 bullfrog zombies
  11 hounds
  15 orc priests
  3 bullfrog skeletons
  Crazy Yiuf (D:5)
  5 centaur skeletons
  7 iguanas
  Terence (D:3)
  28 worker ants
  Robin (D:2)
  A worker ant zombie (D:8)
  A howler monkey skeleton (D:8)
  4 gnolls (D:7)
  13 adders
  A river rat (Sewer)
  7 white imps
  An ufetubus (D:8)
  An ooze (D:5)
  2 adder zombies
  2 adder skeletons
  7 worms
  2 dart slugs
  4 leopard geckos
  76 orcs
  5 ball pythons
  4 bats
  7 giant cockroaches
  21 goblins
  19 hobgoblins
  10 jackals
  19 kobolds
  5 quokkas
  15 frilled lizards
  12 rats
932 creatures vanquished.

Vanquished Creatures (others)
  An orc warrior (Orc:2)
  A crimson imp (D:12)
  A bush (Swamp:4)
  47 fungi
  112 plants
162 creatures vanquished.

Grand Total: 1094 creatures vanquished

Notes
Turn   | Place    | Note
-------+----------+-------------------------------------------
     0 | D:1      | Kuinu the Kobold Fighter began the quest for the Orb.
     0 | D:1      | Reached XP level 1. HP: 14/14 MP: 1/1
    68 | D:1      | Reached XP level 2. HP: 16/19 MP: 2/2
   183 | D:1      | Reached skill level 1 in Stealth
   374 | D:1      | Reached skill level 1 in Dodging
   374 | D:1      | Reached XP level 3. HP: 16/24 MP: 3/3
  1006 | D:2      | Reached skill level 4 in Fighting
  1006 | D:2      | Reached XP level 4. HP: 29/29 MP: 4/4
  1098 | D:2      | Found a shadowy altar of Dithmenos.
  1099 | D:2      | Found a hazy altar of Hepliaklqana.
  1099 | D:2      | Noticed a shadow
  1104 | D:2      | Became a worshipper of Dithmenos the Shadowed
  1133 | D:2      | Found a hide-covered altar of Uskayaw.
  1262 | D:2      | Found a radiant altar of Vehumet.
  1270 | D:2      | Noticed Robin
  1342 | D:2      | Killed Robin
  1707 | D:2      | Reached XP level 5. HP: 18/33 MP: 5/5
  2042 | D:2      | Reached * piety under Dithmenos
  2895 | D:3      | Reached ** piety under Dithmenos
  2912 | D:3      | Found an ornate altar of the Wu Jian Council.
  3192 | D:3      | Found a glowing drain.
  3196 | Sewer    | Entered a sewer
  3566 | Sewer    | Reached XP level 6. HP: 39/39 MP: 6/6
  3977 | D:3      | Noticed Terence
  3980 | D:3      | Killed Terence
  4100 | D:3      | Found a stormy altar of Qazlal.
  4131 | D:3      | Reached *** piety under Dithmenos
  4241 | D:3      | Found a burning altar of Makhleb.
  4245 | D:3      | Reached skill level 5 in Short Blades
  4288 | D:4      | Found Ycseakk's Gadget Emporium.
  4535 | D:4      | Found Ucuraol's Jewellery Emporium.
  4547 | D:4      | Found Josk's Book Shoppe.
  4843 | D:4      | Found Verif's Assorted Antiques.
  4853 | D:4      | Bought a scorched leather armour for 126 gold pieces
  4863 | D:4      | Identified the +1 leather armour "Woinih" {Regen+ Dex+2}
                  | (You bought it in a shop on level 4 of the Dungeon)
  4890 | D:4      | Reached skill level 5 in Fighting
  4899 | D:4      | Found Siez's Armour Shoppe.
  5087 | D:4      | Reached XP level 7. HP: 44/44 MP: 7/7
  5337 | D:5      | Entered Level 5 of the Dungeon
  5414 | D:5      | Found Jeash's Weapon Emporium.
  5492 | D:5      | Found Tiugg's Antique Armour Emporium.
  5517 | D:5      | Found Iluenef's Armour Shop.
  5539 | D:5      | Found a transporter.
  5575 | D:5      | Noticed Grinder
  5577 | D:5      | Noticed Eustachio
  5616 | D:6      | Reached XP level 8. HP: 51/51 MP: 8/8
  5675 | D:6      | Found an ornate altar of the Wu Jian Council.
  5702 | D:6      | Reached skill level 6 in Fighting
  5779 | D:6      | Reached **** piety under Dithmenos
  5820 | D:6      | Reached skill level 5 in Stealth
  6106 | D:6      | Reached XP level 9. HP: 56/56 MP: 9/9
  6152 | D:6      | Reached skill level 7 in Fighting
  6552 | D:6      | Killed Eustachio
  6552 | D:6      | Reached skill level 5 in Dodging
  6715 | D:7      | Reached ***** piety under Dithmenos
  7277 | D:7      | Reached skill level 8 in Fighting
  7329 | D:7      | Found a staircase to the Ecumenical Temple.
  7471 | D:7      | Reached skill level 1 in Invocations
  7859 | D:7      | Found a shimmering blue altar of Sif Muna.
  8308 | D:8      | Found a staircase to the Lair.
  8493 | D:8      | Reached XP level 10. HP: 64/64 MP: 9/11
  8766 | D:8      | Found a broken altar of Ashenzari.
  8887 | D:8      | Reached skill level 10 in Short Blades
  8963 | D:8      | Found a shimmering altar of Xom.
  9061 | D:8      | Noticed a komodo dragon
  9063 | D:8      | Noticed a gargoyle
  9064 | D:8      | Found the +8 glaive of the Guard {elec, +Rage AC+5 SInv}
  9125 | D:8      | Reached skill level 5 in Shields
  9129 | D:8      | Reached skill level 9 in Fighting
  9789 | D:8      | Killed a komodo dragon
 10201 | D:9      | Found a bloodstained altar of Trog.
 10574 | D:9      | Noticed a two-headed ogre
 10632 | D:9      | Killed a two-headed ogre
 10632 | D:9      | Reached XP level 11. HP: 46/72 MP: 13/13
 10805 | D:9      | Found a sacrificial altar of Ru.
 10951 | D:10     | Entered Level 10 of the Dungeon
 10973 | D:10     | Noticed a two-headed ogre
 10988 | D:10     | Killed a two-headed ogre
 10988 | D:10     | Reached skill level 10 in Fighting
 11064 | D:10     | Noticed a tengu warrior
 11068 | D:10     | Killed a tengu warrior
 11416 | D:10     | Reached ****** piety under Dithmenos
 11578 | D:10     | Noticed a two-headed ogre
 11580 | D:10     | Killed a two-headed ogre
 12020 | D:11     | Noticed a two-headed ogre
 12035 | D:11     | Killed a two-headed ogre
 12035 | D:11     | Reached skill level 5 in Invocations
 12105 | D:11     | Noticed a red ugly thing
 12136 | D:11     | Killed a red ugly thing
 12136 | D:11     | Reached XP level 12. HP: 34/79 MP: 15/15
 12385 | D:11     | Noticed a tengu warrior
 12386 | D:11     | Noticed a tengu warrior
 12389 | D:11     | Killed a tengu warrior
 12389 | D:11     | Reached skill level 11 in Fighting
 12398 | D:11     | Identified a scroll of acquirement
 12398 | D:11     | Acquired 1311 gold pieces
 12412 | D:11     | Killed a tengu warrior
 12711 | D:4      | Bought the +3 pair of gauntlets of War {Slay+5} for 665
                  | gold pieces
 12711 | D:4      | Found the +3 pair of gauntlets of War {Slay+5}
 12793 | D:5      | Found Sevvaaro's Book Shoppe.
 12949 | D:5      | Found a transporter.
 12951 | D:5      | Found Humih's Book Shop.
 12951 | D:5      | Noticed p0werm0de's ghost (novice GrFi)
 13223 | D:5      | Killed Grinder
 13223 | D:5      | Reached skill level 10 in Stealth
 13250 | D:5      | Found a runed translucent door.
 13253 | D:5      | Noticed Crazy Yiuf
 13258 | D:5      | Killed Crazy Yiuf
 13540 | D:4      | Bought a potion of curing for 54 gold pieces
 13540 | D:4      | Bought a scroll of remove curse for 54 gold pieces
 13540 | D:4      | Bought a small malachite amulet for 90 gold pieces
 13540 | D:4      | Bought 2 potions of curing for 108 gold pieces
 13540 | D:4      | Bought a scroll of teleportation for 54 gold pieces
 13861 | D:11     | Found a roughly hewn altar of Beogh.
 13862 | D:11     | Found a staircase to the Orcish Mines.
 13923 | D:11     | Noticed Maurice
 13927 | D:11     | Killed Maurice
 13927 | D:11     | Reached skill level 1 in Evocations
 13964 | D:11     | Found a sacrificial altar of Ru.
 14459 | Lair:1   | Entered Level 1 of the Lair of Beasts
 14624 | Lair:1   | Noticed an eight-headed hydra
 14636 | Lair:1   | Killed an eight-headed hydra
 15599 | Lair:2   | Reached skill level 12 in Fighting
 15619 | Lair:2   | Noticed a six-headed hydra
 15638 | Lair:2   | Reached XP level 13. HP: 78/86 MP: 17/17
 15656 | Lair:2   | Killed a six-headed hydra
 16606 | Lair:2   | Identified the Collected Works on Lethal Transmutation
 17525 | Lair:3   | Got an encrusted leather armour
 17536 | Lair:3   | Identified the cursed +0 leather armour of Hapnyll {Regen+}
                  | (You found it on level 3 of the Lair of Beasts)
 17915 | Lair:4   | Noticed a six-headed hydra
 17919 | Lair:4   | Killed a six-headed hydra
 17919 | Lair:4   | Reached skill level 5 in Evocations
 18041 | Lair:4   | Noticed a five-headed hydra
 18059 | Lair:4   | Killed a five-headed hydra
 18059 | Lair:4   | Reached skill level 13 in Fighting
 18195 | Lair:4   | Reached skill level 10 in Dodging
 18215 | Lair:4   | Reached skill level 15 in Short Blades
 18215 | Lair:4   | Reached XP level 14. HP: 38/94 MP: 19/19
 18554 | Lair:4   | Found a staircase to the Swamp.
 18660 | Lair:4   | You fall into a shaft and drop 1 floor!
 18988 | Lair:5   | Found a staircase to the Slime Pits.
 19691 | Lair:4   | Found a hole to the Spider Nest.
 20033 | Lair:6   | Entered Level 6 of the Lair of Beasts
 20760 | Lair:6   | Reached skill level 14 in Fighting
 20952 | Lair:6   | Reached XP level 15. HP: 100/100 MP: 21/21
 21818 | Lair:6   | Identified the Collected Works on Ashen Creation
 22997 | D:12     | Noticed Nergalle
 23020 | D:12     | Killed Nergalle
 23492 | D:13     | Found the +5 scythe "Finisher" {speed, eviscerate}
 23652 | D:13     | Reached skill level 15 in Fighting
 23892 | D:13     | Found a gate to the Vaults.
 24333 | D:14     | Reached XP level 16. HP: 108/108 MP: 23/23
 24400 | D:14     | Found a large runed translucent door.
 24400 | D:14     | Found a large runed translucent door.
 25096 | D:14     | Noticed Frances
 25100 | D:14     | Killed Frances
 25100 | D:14     | Reached skill level 10 in Invocations
 25442 | D:14     | Noticed a tengu reaver
 25443 | D:14     | Found an opulent altar of Gozag.
 25461 | D:14     | Killed a tengu reaver
 25465 | D:14     | Found a blossoming altar of Fedhas.
 25531 | D:15     | Entered Level 15 of the Dungeon
 26178 | D:15     | Found a staircase to the Depths.
 26178 | D:15     | Noticed a frost giant
 26181 | D:15     | Killed a frost giant
 26335 | D:15     | Noticed Agnes
 26368 | D:15     | Killed Agnes
 26368 | D:15     | Reached skill level 16 in Fighting
 26687 | Orc:1    | Entered Level 1 of the Orcish Mines
 26792 | Orc:1    | Noticed Fannar
 26794 | Orc:1    | Killed Fannar
 26839 | Orc:1    | Reached skill level 5 in Armour
 26966 | Orc:1    | Reached skill level 10 in Evocations
 27216 | Orc:1    | Reached XP level 17. HP: 115/115 MP: 24/24
 27552 | Orc:1    | Found Vogomyla's Assorted Antiques.
 27557 | Orc:1    | Bought a scroll of teleportation for 63 gold pieces
 27557 | Orc:1    | Bought a potion of haste for 210 gold pieces
 27557 | Orc:1    | Bought a blackened bronze wand for 84 gold pieces
 27557 | Orc:1    | Bought a scroll of identify for 42 gold pieces
 27765 | D:5      | Bought a smoking ring mail for 288 gold pieces
 27765 | D:5      | Identified the +3 ring mail of the Sea {Str+2} (You bought
                  | it in a shop on level 5 of the Dungeon)
 28167 | Orc:2    | Entered Level 2 of the Orcish Mines
 28185 | Orc:2    | Found Rudd's Antique Weapon Shop.
 28211 | Orc:2    | Noticed Donald
 28215 | Orc:2    | Killed Donald
 28457 | Orc:2    | Found a roughly hewn altar of Beogh.
 28814 | Orc:2    | Found a staircase to the Elven Halls.
 29189 | Orc:2    | Learned a level 1 spell: Animate Skeleton
 29214 | Orc:2    | Found Xoxo's Weapon Emporium.
 29217 | Orc:2    | Found Xeoph's Antique Weapon Boutique.
 29224 | Orc:2    | Found Rosuc Kuloe's Book Boutique.
 29226 | Orc:2    | Found Owuqogra's Antique Weapon Emporium.
 29442 | Swamp:1  | Entered Level 1 of the Swamp
 29661 | Swamp:1  | Reached skill level 15 in Stealth
 29690 | Swamp:1  | Reached skill level 1 in Necromancy
 30673 | Swamp:1  | Found Cioppimi's Island Escapes.
 31201 | Swamp:2  | Reached skill level 17 in Fighting
 31847 | Swamp:3  | Noticed Aizul
 31871 | Swamp:3  | Killed Aizul
 31951 | Swamp:3  | Identified the +1 pair of gloves of Agiy {rC++} (You found
                  | it on level 3 of the Swamp)
 32090 | Swamp:3  | Reached XP level 18. HP: 123/123 MP: 26/26
 32220 | Swamp:4  | Entered Level 4 of the Swamp
 32264 | Swamp:4  | Noticed Nikola
 32281 | Swamp:4  | Killed from afar by Nikola

Illustrated notes

Levels and vault maps discovered:
D:1:      wander_arrival_peaceful_grave, layout_basic, st_stairs_3
D:2:      cheibrodos_greedy_goblins, layout_basic,
          riverfiend_overflow_shadow_ancestor, nicolae_overflow_crystal_walls,
          overflow_temple_1_default, serial_bayou_ford_a,
          palyth_stone_intersect, uniq_robin
D:3:      layout_loops_cross, lemuel_crystal_altar, lemuel_doored_altar,
          gup_sewer_entry_bowl, chequers_arboretum, st_stairs_6,
          makhleb_heckhound_becter, uniq_terence
D:4:      minmay_inner_zag, layout_loops_ring, serial_shops,
          nicolae_shop_statue_plus, shop, nicolae_shop_stone, shop, shop
D:5:      layout_gridville, gammafunk_ghost_mausoleum, serial_shops, shop,
          nicolae_shop_trees, kennysheep_little_box, nicolae_shop_statue_plus,
          nicolae_shop_waterfront, minmay_fountain_box, uniq_eustachio,
          uniq_crazy_yiuf_cottage, uniq_grinder
D:6:      layout_gridville, basic_altar
D:7:      layout_basic, lemuel_blue_sif_altar,
          minmay_temple_entry_enclosed_plants
D:8:      minmay_the_grid_octo_tiled_squarecenter
          [minmay_the_grid_octo_vomiting_pacman,
          minmay_the_grid_octo_tetromino_candy,
          minmay_the_grid_octo_checkerflower, minmay_the_grid_octo_odd_swirl,
          minmay_the_grid_square_5x5_megaprize_open,
          minmay_the_grid_square_5x5_bracketed,
          minmay_the_grid_square_5x5_six_small, minmay_the_grid_square_5x5_tie,
          minmay_the_grid_square_5x5_corner], layout_basic,
          ashenzari_conservatory_becter, kennysheep_mini,
          erik_lair_orcish_takeover
D:9:      layout_cave_pods, lemuel_crystal_altar, lemuel_round_altar
D:10:     layout_loops_ring, minmay_misc_feat_diagonals
D:11:     layout_long_grid, david_orc_5, nicolae_ru_awakened_eye, uniq_maurice
D:12:     layout_long_grid, minmay_nine_imps, uniq_nergalle
D:13:     layout_loops_ring, hangedman_vaults_entry_quadrant_bands,
          minmay_guarded_unrand_finisher
D:14:     layout_irregular_city, nrook_mini_vaults, statue_in_the_mist_lemuel,
          jmf_multi_god_temple2, uniq_frances
D:15:     grunt_enter_depths_snipers, layout_loops_ring, chequers_mini_garden,
          uniq_agnes
Lair:1:   layout_gridlike, serial_bayou_lagoon_b
Lair:2:   layout_cave_pods, minmay_another_anthill, minmay_lair_oklob_chamber,
          grunt_megastairs_1
Lair:3:   layout_cave_pods, serial_bayou_pond_e, fungi_pond_lemuel
Lair:4:   layout_cellular_growth, minmay_swamp_entry_reptiles,
          spider_nest_entry_web_field
Lair:5:   layout_loops_ring, dpeg_slime_entry_corner
Lair:6:   minmay_lair_end_frog_pond, layout_regular_city
Swamp:1:  layout_falls_marsh, evilmike_swamp_ruin_rubble_2, swamp_pool2,
          nicolae_swamp_round_clearing, nicolae_island_escapes
Swamp:2:  layout_falls_marsh, serial_swamp_ruin, evilmike_swamp_ruin_house_5,
          evilmike_swamp_ruin_house_2
Swamp:3:  cheibrodos_swamp_heart_of_darkness, layout_falls_marsh,
          hangedman_swamp_ruin_wall, uniq_aizul
Swamp:4:  grunt_swamp_rune_castle, layout_basic_swamp, uniq_nikola
Orc:1:    nicolae_orc_accident_1, layout_diamond_mine, serial_shops,
          nicolae_shop_overgrown_old_shop, nicolae_orc_pool_cavern,
          nicolae_orc_lava_room, uniq_fannar
Orc:2:    st_orc_elflike, layout_caves, basic_altar, serial_shops,
          nicolae_shop_crystal, uniq_donald

Skill      XL: |  1  2  3  4  5  6  7  8  9 10 11 12 13 14 15 16 17 |
---------------+----------------------------------------------------+-----
Short Blades   | 3 4 5 6 7 9 11 12 13 15 16 | 16.5
Stealth        | 1 2 3 4 5 6 8 9 10 11 12 13 14 16 | 16.3
Dodging        | 1 2 3 4 5 7 8 9 10 11 12 13 | 13.5
Fighting       | 4 5 6 8 9 10 12 13 14 15 16 17 | 17.2
Shields        | 3 4 5 |  5.6
Invocations    | 1 3 5 6 7 8 9 10 | 10.9
Evocations     | 3 5 7 8 10 | 10.3
Armour         | 3 5 6 |  6.3
Necromancy     | 3 |  3.6

Action                   |  1- 3 |  4- 6 |  7- 9 | 10-12 | 13-15 | 16-18 || total
-------------------------+-------+-------+-------+-------+-------+-------++-------
Melee: Rapier            |    11 |    12 |   249 |   782 |  1232 |   435 ||  2721
       Whip              |    89 |   120 |       |       |       |       ||   209
       Dagger            |       |   254 |    17 |    28 |   571 |   549 ||  1419
       Falchion          |       |       |    16 |       |       |       ||    16
Throw: Dart              |       |       |       |     5 |       |    11 ||    16
 Abil: Stop Flying       |       |       |       |       |       |     1 ||     1
       Evoke Flight      |       |       |       |       |       |     1 ||     1
Evoke: Wand              |       |       |       |     8 |       |     1 ||     9
  Use: Potion            |       |     1 |     5 |     2 |     3 |       ||    11
       Scroll            |       |    11 |     4 |     7 |     6 |    11 ||    39
 Stab: Sleeping          |     3 |    27 |    19 |    53 |    55 |    97 ||   254
       Distracted        |       |       |     2 |     8 |    19 |     9 ||    38
Armor: Scale mail        |    37 |    12 |       |       |       |       ||    49
       Leather armour    |       |    30 |    37 |    76 |   143 |    65 ||   351
Dodge: Dodged            |    39 |   157 |   165 |   419 |   915 |   469 ||  2164
Block: Kite shield       |    37 |    24 |       |       |       |       ||    61
       Buckler           |       |       |    50 |   221 |   473 |   200 ||   944
       Rpst.: Falchion   |       |       |     3 |       |       |       ||     3

Table legend: (Time is in decaauts)
 A = Elapsed time spent in this place.
 B = Non-inter-level travel time spent in this place.
 C = Inter-level travel time spent in this place.
 D = Time resting spent in this place.
 E = Time spent auto-exploring this place.
 F = Levels seen in this place.
 G = Mean time per level.
                   A        B        C        D        E       F      G
               +--------+--------+--------+--------+--------+-----+--------+
         Total |  30772 |  27989 |   2783 |   1295 |  19882 |  28 | 1099.0 |
       Dungeon |  17749 |  15703 |   2046 |    592 |  11354 |  15 | 1183.3 |
          Lair |   7426 |   6999 |    427 |    268 |   4977 |   6 | 1237.7 |
         Swamp |   2789 |   2619 |    170 |    225 |   1683 |   4 |  697.2 |
  Orcish Mines |   2179 |   2039 |    140 |      0 |   1550 |   2 | 1089.5 |
         Sewer |    627 |    627 |      0 |    210 |    316 |   1 |  627.0 |
               +--------+--------+--------+--------+--------+-----+--------+

Top non-repeatable levels by time:
  Lair:6: 2012 daAuts
     D:7: 1848 daAuts
     D:8: 1695 daAuts
     D:2: 1624 daAuts
    D:11: 1340 daAuts
  Lair:2: 1194 daAuts
    D:14: 1161 daAuts
     D:4: 1158 daAuts
     D:1: 1133 daAuts
     D:9: 1131 daAuts
   Orc:1: 1125 daAuts
 Swamp:1: 1120 daAuts
     D:5: 1119 daAuts
     D:6: 1085 daAuts
  Lair:3: 1083 daAuts
